 Dungeon Crawl Stone Soup version 0.20.0-4-g10b340a (webtiles) character file.

110 Gorglomux the Vexing (level 4, -1/33 HPs)
             Began as a Barachi Enchanter on May 27, 2017.
             Shot with an arrow by a centaur (16 damage)
             ... on level 3 of the Dungeon.
             The game lasted 00:03:33 (2713 turns).

Gorglomux the Vexing (Barachi Enchanter)            Turns: 2713, Time: 00:03:34

Health: -1/33      AC:  3    Str:  9    XL:     4   Next: 91%
Magic:  7/7        EV: 13    Int: 17    God:
Gold:   6          SH:  0    Dex: 12    Spells: 1/7 levels left

rFire    . . .     SeeInvis .   a - +1 dagger
rCold    . . .     Gourm    .   (no shield)
rNeg     . . .     Faith    .   b - +0 robe
rPois    .         Spirit   .   (no helmet)
rElec    .         Reflect  .   (no cloak)
rCorr    .         Harm     .   I - +0 pair of gloves
MR       .....                  (no boots)
Stlth    ++........             (no amulet)
Regen    0.2/turn               (no ring)
MPRegen  0.1/turn               (no ring)

@: slow
A: +LOS, swims, slowness 1, strong legs 1
a: Hop


You were on level 3 of the Dungeon.
You were hungry.

You visited 1 branch of the dungeon, and saw 3 of its levels.

You collected 6 gold pieces.

Inventory:

Hand Weapons
 a - a +1 dagger (weapon)
Missiles
 Z - a throwing net (quivered)
Armour
 b - a +0 robe (worn)
 I - a +0 pair of gloves (worn)
Jewellery
 A - an uncursed ring of protection from fire {unknown}
Wands
 C - a wand of confusion (29/48)
Scrolls
 k - 3 scrolls of teleportation {unknown}
 B - a scroll of identify {unknown}
 Y - 2 scrolls of remove curse {unknown}
Potions
 g - 3 potions of flight {unknown}
 h - 3 potions of brilliance {unknown}
 i - 2 potions of berserk rage {unknown}
 E - a potion of resistance {unknown}
 F - a potion of lignification {unknown}
 J - a potion of magic {unknown}
Books
 c - a book of Maledictions

   Spells                             Type                      Level
   a - Corona                         Hexes                        1
   b - Ensorcelled Hibernation        Hexes/Ice                    2
   c - Confuse                        Hexes                        3
   d - Tukima's Dance                 Hexes                        3
   e - Dazzling Spray                 Conjuration/Hexes            3
Comestibles
 d - 3 bread rations
 l - a royal jelly
 z - 2 meat rations
 G - 2 fruits


   Skills:
 + Level 2.3 Fighting
 + Level 2.5 Short Blades
 + Level 1.6 Armour
 + Level 3.1 Dodging
 - Level 2.6 Stealth
 - Level 2.1 Spellcasting
 + Level 3.7 Hexes


You had one spell level left.
You knew the following spells:

 Your Spells              Type           Power        Failure   Level  Hunger
a - Corona                Hex            ##.....      4%          1    #......
x - Confuse               Hex            ##......     12%         3    ###....
z - Ensorcelled Hibernat  Hex/Ice        #.....       13%         2    ###....


Dungeon Overview and Level Annotations

Branches:
Dungeon (3/15)

Altars:
Elyvilon
Makhleb
Qazlal
Sif Muna
Xom


Innate Abilities, Weirdness & Mutations

Shadows flee at your approach. (+LOS)
You can swim through water.
You cover ground slowly.
You can hop short distances.


Message History

Unknown command.
The helpless worm fails to defend itself.
You puncture the worm!
You kill the worm!
There isn't anything to butcher here.
You are feeling hungry.
Things that are here:
a flail; a chain mail; a whip There isn't anything to butcher here.
There isn't anything to butcher here.
You start resting.
Magic restored.
You start resting.
A centaur comes into view.
A centaur is nearby!
Unknown command.
The centaur shouts!
The centaur wields a shortbow.
The centaur shoots an arrow.
The arrow hits you!
The centaur shoots an arrow.
The arrow hits you!
You die...

#...###..... #.....#.#
.........# ####.o...#.#
#...###### ........... #####
#....#.# ## #.o..#.# .#
##...#.##### .# ###.......#
.# #.#########....##.# .#
#..c..@.)).....+..#
#####################....#..#
...................##....#..#
##########..........#.......#
...# #.#######..#......##
...# #.# #..#.###..# ...####
#.# #..#.# #..# ....... #.#
#..#.. #..# ...#### #.#
#..### #..#


You could see a centaur.

Vanquished Creatures
  3 gnolls (D:2)
  An adder (D:2)
  2 oozes (D:2)
  3 worms
  2 dart slugs
  A leopard gecko (D:1)
  3 orcs (D:3)
  2 ball pythons
  3 giant cockroaches
  8 goblins
  3 hobgoblins (D:1)
  7 kobolds
  A quokka (D:2)
  5 bats
  2 frilled lizards (D:1)
  4 rats
50 creatures vanquished.

Notes
Turn   | Place    | Note
-------+----------+-------------------------------------------
     0 | D:1      | Gorglomux the Barachi Enchanter began the quest for the Orb.
     0 | D:1      | Reached XP level 1. HP: 13/13 MP: 3/3
   116 | D:1      | Reached XP level 2. HP: 18/20 MP: 5/5
   136 | D:1      | Learned a level 2 spell: Ensorcelled Hibernation
   525 | D:1      | Reached skill level 1 in Fighting
   856 | D:1      | Reached XP level 3. HP: 14/26 MP: 1/6
  1057 | D:1      | Found a deep blue altar of Sif Muna.
  1059 | D:1      | Found a shimmering altar of Xom.
  1059 | D:1      | Found a shimmering altar of Xom.
  1060 | D:1      | Found a white marble altar of Elyvilon.
  1060 | D:1      | Found a stormy altar of Qazlal.
  1060 | D:1      | Found a shimmering altar of Xom.
  1234 | D:2      | Reached skill level 1 in Armour
  1270 | D:2      | Found a burning altar of Makhleb.
  1555 | D:2      | Learned a level 3 spell: Confuse
  1770 | D:2      | Reached XP level 4. HP: 32/32 MP: 4/7
  1788 | D:2      | Reached skill level 3 in Dodging
  2712 | D:3      | Noticed a centaur
  2713 | D:3      | Shot with an arrow by a centaur

Skill      XL: |  1  2  3  4 |
---------------+-------------+-----
Fighting       | 1 2 |  2.3
Armour         | 1 |  1.6
Short Blades   | 2 |  2.5
Dodging        | 3 |  3.1
Stealth        | |  2.6
Spellcasting   | |  2.1
Hexes          | |  3.7

Action                   |  1- 3 |  4- 6 || total
-------------------------+-------+-------++-------
Melee: Dagger            |   109 |    73 ||   182
 Cast: Corona            |     3 |       ||     3
       Ensorcelled Hiber |    18 |     8 ||    26
 Abil: Hop               |     2 |       ||     2
 Stab: Sleeping          |    14 |     6 ||    20
  Eat: Chunk             |     5 |     3 ||     8
Armor: Robe              |    18 |    11 ||    29
Dodge: Dodged            |    68 |    37 ||   105
